 Dungeon Crawl Stone Soup version 0.17.1-3-g152610e (webtiles) character file.

277 Shtopit the Shield-Bearer (level 6, -6/39 HPs)
             Began as a Gargoyle Fighter on May 4, 2016.
             Killed by divine providence
             ... invoked by an orc priest
              (15 damage)
             ... on level 4 of the Dungeon.
             The game lasted 00:06:32 (2894 turns).

Shtopit the Shield-Bearer (Gargoyle Fighter)        Turns: 2894, Time: 00:06:32

Health: -6/39      AC: 17    Str: 22    XL:     6   Next: 26%
Magic:  6/6        EV:  4    Int:  8    God:
Gold:   170        SH: 10    Dex:  9    Spells: 0 memorised, 5 levels left

rFire  + . .     SeeInvis .     a - +0 flail
rCold  x . .     Clarity  .     k - +0 plate armour
rNeg   + . .     SustAt   .     c - +0 shield
rPois  ∞         Gourm    .     (no helmet)
rElec  +         Spirit   .     u - +0 cloak
rCorr  .         Warding  .     (no gloves)
rMut   .         Stasis   .     (no boots)
MR     .....                    (no amulet)
Stlth  ..........               (no ring)
                                h - ring of fire

@: not resistant to hostile enchantments, extremely unstealthy
A: negative energy resistance 1, electricity resistance, unbreathing,
petrification resistance, rot immunity, AC +4
a: no special abilities


You were on level 4 of the Dungeon.
You were not hungry.

You visited 1 branch of the dungeon, and saw 4 of its levels.

You collected 170 gold pieces.

Inventory:

Hand Weapons
 a - a +0 flail (weapon)
 r - a cursed -1 blowgun
Missiles
 t - 19 poisoned needles
Armour
 c - a +0 shield (worn)
 k - a +0 plate armour (worn)
 u - a +0 cloak (worn)
Jewellery
 h - a ring of fire (left hand)
 z - an uncursed amulet of rage {unknown}
 B - an uncursed amulet of resist mutation {unknown}
Scrolls
 b - a scroll of random uselessness {unknown}
 g - a scroll of amnesia {unknown}
 j - 3 scrolls of identify {unknown}
 m - 2 scrolls of remove curse {unknown}
 p - a scroll of enchant armour {unknown}
 s - a scroll of blinking {unknown}
 w - a scroll of fog {unknown}
 x - a scroll of enchant weapon {unknown}
 y - 2 scrolls of fear {unknown}
Potions
 d - a potion of might
 f - 2 potions of haste {unknown}
 i - 4 potions of curing {unknown}
 n - a potion of lignification {unknown}
 o - a potion of agility {unknown}
 v - 2 potions of heal wounds {unknown}
 A - a potion of degeneration {unknown}
 C - a potion of poison {unknown}
Comestibles
 e - 4 bread rations
 l - 2 beef jerkies
 q - 2 slices of pizza


   Skills:
 + Level 4.4 Fighting
 + Level 3.0 Maces & Flails
 * Level 4.6 Armour
 + Level 1.0 Dodging
 + Level 5.1 Shields


You had 5 spell levels left.
You didn't know any spells.

Dungeon Overview and Level Annotations

Branches:
Dungeon (4/15)
 Temple: D:4-7

Altars:
Trog
Yredelemnul


Innate Abilities, Weirdness & Mutations

You are resistant to torment.
Your stone body is resilient (AC +4).
You are immune to poison.
You resist negative energy.
You are resistant to electric shocks.
You can survive without breathing.
You are immune to petrification.
You are immune to rotting.


Message History

You thump the orc!
You kill the orc!
Your Shields skill increases to level 5!
You thump the orc priest!
The orc priest is severely wounded.
The orc priest invokes the aid of Beogh against you.
Something smites you!
The orc priest calls down the wrath of Beogh upon you.
Pain shoots through your body!
You hit the orc priest.
The orc priest is severely wounded.
You block the orc priest's attack.
The orc priest mumbles some strange prayers to Beogh against you.
Something smites you!
* * * LOW HITPOINT WARNING * * *
You sock the orc priest!
You kill the orc priest!
The orc priest mumbles some strange prayers to Beogh against you.
Something smites you!
You die...

##
#######.##
#...@)o#.#
#.#####$#
#.# #)#
#.# #o#
#.# ...
#.# ..#
#.#.# #..#
#.#.# #..#
#.#.# #..#


You could see an orc priest.

Vanquished Creatures
  A centaur zombie (D:3)
  An orc priest (D:4)
  2 orc wizards
  3 gnolls (D:3)
  5 adders
  An ooze (D:3)
  2 worms
  6 orcs
  5 giant cockroaches
  8 goblins
  9 hobgoblins
  6 bats
  3 giant geckos
  A giant gecko skeleton (D:4)
  5 giant newts
  7 kobolds
  10 rats
75 creatures vanquished.

Notes
Turn   | Place    | Note
--------------------------------------------------------------
     0 | D:1      | Shtopit the Gargoyle Fighter began the quest for the Orb.
     0 | D:1      | Reached XP level 1. HP: 14/14 MP: 1/1
   211 | D:1      | Reached XP level 2. HP: 19/19 MP: 2/2
   989 | D:2      | Reached XP level 3. HP: 21/24 MP: 3/3
  1040 | D:2      | Found a basalt altar of Yredelemnul.
  1211 | D:2      | Reached skill level 4 in Shields
  1353 | D:2      | Reached XP level 4. HP: 29/29 MP: 4/4
  1607 | D:2      | Found a bloodstained altar of Trog.
  1999 | D:2      | Reached XP level 5. HP: 22/33 MP: 5/5
  2550 | D:3      | Reached skill level 1 in Dodging
  2583 | D:3      | Reached XP level 6. HP: 35/39 MP: 6/6
  2888 | D:4      | Reached skill level 5 in Shields
  2894 | D:4      | Killed from afar by an orc priest

Action                   |  1- 3 |  4- 6 || total
-------------------------+-------+-------++-------
Melee: Flail             |   146 |   171 ||   317
  Eat: Chunk             |     1 |     6 ||     7
